 Dungeon Crawl Stone Soup version 0.26-a0-227-g1af32d979d (webtiles) character file.

Game seed: 2137046665733475544

80 BritishOli the Ducker (level 4, 0/34 HPs)
             Began as a Demonspawn Gladiator on July 7, 2020.
             Slain by a centaur (8 damage)
             ... on level 3 of the Dungeon.
             The game lasted 00:02:09 (1802 turns).

BritishOli the Ducker (Demonspawn Gladiator)        Turns: 1802, Time: 00:02:09

Health: 0/34       AC:  4    Str: 16    XL:     4   Next: 18%
Magic:  4/4        EV: 13    Int:  9    God:
Gold:   153        SH:  0    Dex: 14    Spells: 3/3 levels left

rFire    . . .     SeeInvis .   a - +0 long sword
rCold    . . .     Faith    .   (no shield)
rNeg     . . .     Spirit   .   b - +0 leather armour
rPois    .         Reflect  .   c - +0 helmet
rElec    .         Harm     .   (no cloak)
rCorr    .                      (no gloves)
MR       .....                  (no boots)
Stlth    +.........             (no amulet)
HPRegen  0.11/turn              (no ring)
MPRegen  0.09/turn              (no ring)

@: no status effects
A: claws 2
a: no special abilities


You were on level 3 of the Dungeon.
You were not hungry.

You visited 1 branch of the dungeon, and saw 3 of its levels.

You collected 153 gold pieces.

Inventory:

Hand Weapons
 a - a +0 long sword (weapon)
Missiles
 d - 3 throwing nets (quivered)
Armour
 b - a +0 leather armour (worn)
 c - a +0 helmet (worn)
Jewellery
 k - an uncursed ring of fire {unknown}
 n - an uncursed ring of resist corrosion {unknown}
Wands
 o - a wand of random effects (23)
Scrolls
 f - 2 scrolls of identify {unknown}
 g - 3 scrolls of remove curse {unknown}
 h - 3 scrolls of blinking {unknown}
 j - a scroll of fear {unknown}
 l - a scroll of fog {unknown}
Potions
 e - 4 potions of curing {unknown}
 i - a potion of heal wounds {unknown}
 m - a potion of flight {unknown}


   Skills:
 + Level 2.7 Fighting
 + Level 3.1 Long Blades
 + Level 2.4 Throwing
 + Level 1.2 Armour
 + Level 3.1 Dodging


You had 3 spell levels left.
You didn't know any spells.
Your spell library was empty.

Dungeon Overview and Level Annotations

Branches:
Dungeon (3/15)

Altars:


Innate Abilities, Weirdness & Mutations

You have very sharp fingernails.


Message History

You are too injured to fight recklessly!
A centaur is nearby!
You are too injured to fight recklessly!
Your leather armour prevents you from hitting the centaur.
The centaur is moderately wounded.
The centaur hits you but does no damage.
The centaur barely misses you.
You riposte.
You hit the centaur but do no damage.
The centaur is moderately wounded.
You hit the centaur.
The centaur is heavily wounded.
The centaur closely misses you.
You hit the centaur but do no damage.
The centaur is heavily wounded.
The centaur hits you. x2
* * * LOW HITPOINT WARNING * * *
You completely miss the centaur.
The centaur is heavily wounded.
The centaur barely misses you. The centaur hits you!
You die...

#####...#...###.#.#.#
....................#
.......##...###.#...#
.###................#
.......##...###.#..###
............(........#
............†.(......#
.## #.......###(...###
.#####.##...# #$@..#
............. #..c.#
..... ...............#
.######.#............#
.# #.#.#.###.##.###
... .. #.# .# ... .
#.# .# .#### #. .# .#


You could see a centaur.

Vanquished Creatures
  Terence (D:2)
  A gnoll (D:1)
  A leopard gecko (D:1)
  6 bats
  2 giant cockroaches (D:2)
  4 hobgoblins
  7 kobolds
  4 frilled lizards
  8 goblins
  7 rats
41 creatures vanquished.

Notes
Turn   | Place    | Note
-------+----------+-------------------------------------------
     0 | D:1      | BritishOli the Demonspawn Gladiator began the quest for the
                  | Orb.
     0 | D:1      | Reached XP level 1. HP: 16/16 MP: 1/1
   324 | D:1      | Gained mutation: You have sharp fingernails. [demonic
                  | ancestry]
   324 | D:1      | Reached XP level 2. HP: 18/22 MP: 2/2
   564 | D:1      | Reached XP level 3. HP: 28/28 MP: 3/3
   698 | D:1      | Reached skill level 1 in Armour
  1188 | D:2      | Noticed Terence
  1198 | D:2      | Killed Terence
  1198 | D:2      | Gained mutation: You have very sharp fingernails. [demonic
                  | ancestry]
  1198 | D:2      | Reached XP level 4. HP: 24/34 MP: 4/4
  1792 | D:3      | Noticed a centaur
  1802 | D:3      | Slain by a centaur

Illustrated notes

Levels and vault maps discovered:
D:1:      nicolae_arrival_memento_mori, layout_loops_ring, minivault_27
D:2:      layout_basic, corner_web_ring, skrybe_limestone_x, uniq_terence
D:3:      gammafunk_steamed_eel, layout_basic, minmay_between

Skill      XL: |  1  2  3 |
---------------+----------+-----
Throwing       | 2 |  2.4
Long Blades    | 3 |  3.1
Armour         | 1 |  1.2
Dodging        | 3 |  3.1
Fighting       | |  2.7

Action                   |  1- 3 |  4- 6 || total
-------------------------+-------+-------++-------
Melee: Long sword        |    69 |    15 ||    84
 Stab: Sleeping          |     1 |       ||     1
  Eat: Ration            |     1 |       ||     1
Armor: Leather armour    |    14 |    11 ||    25
Dodge: Dodged            |    46 |    27 ||    73
       Rpst.: Long sword |    13 |    10 ||    23

Table legend:
 A = Non-vault XP
 B = Vault XP
 C = Vault XP percentage of total XP
 D = Non-vault monster count
 E = Vault monster count
 F = Vault count percentage of total count
                 A         B        C        D         E       F
            +---------+---------+-------+---------+---------+-------
      Total |      79 |      36 |  31.3 |      40 |       1 |   2.4
            +---------+---------+-------+---------+---------+-------
        D:1 |      55 |       0 |   0.0 |      24 |       0 |   0.0
        D:2 |      19 |      36 |  65.5 |      13 |       1 |   7.1
        D:3 |       5 |       0 |   0.0 |       3 |       0 |   0.0
            +---------+---------+-------+---------+---------+-------
